 Dungeon Crawl Stone Soup version 0.32-a0-450-g080537f31e (webtiles) character file.

Game seed: 4069705487521809008

368 dialectric the Chopper (level 6, 0/49 HPs)
             Began as a Coglin Berserker on Feb 24, 2024.
             Was a Believer of Trog.
             Killed by nerve-wracking pain
             ... invoked by an orc priest
              (14 damage)
             ... on level 3 of the Dungeon.
             The game lasted 00:02:25 (2484 turns).

dialectric the Chopper (Coglin Berserker)           Turns: 2484, Time: 00:02:25

Health: 0/49       AC:  5    Str: 20    XL:     6   Next: 69%
Magic:  6/6        EV: 11    Int:  6    God:    Trog [**....]
Gold:   171        SH:  0    Dex: 13    Spells: 5/5 levels left

rFire   . . .        a - +0 hand axe {Chaewon}
rCold   + . .        s - +0 rapier (vamp) {Cenhelm}
rNeg    . . .        f - +0 ring mail
rPois   .            (no helmet)
rElec   .            (no cloak)
rCorr   .            (no gloves)
SInv    +            (no boots)
Will    .....        (no amulet)
Stlth   +            l - ring of see invisible
HPRegen 0.28/turn    o - ring of protection from cold
MPRegen 0.10/turn

%: no passive effects
@: immotile, revved
A: off-hand wielding, slow wielding, warmup strikes, legs shutdown
a: Renounce Religion, Berserk, Trog's Hand


You were on level 3 of the Dungeon.
You worshipped Trog.
Trog was pleased with you.
You visited 1 branch of the dungeon, and saw 3 of its levels.

You collected 171 gold pieces.

Inventory:

Hand Weapons
 a - a +0 hand axe (weapon) {Chaewon}
 h - a +0 short sword {Wenzel}
 s - a +0 vampiric rapier (offhand) {Cenhelm}
Armour
 b - a +0 animal skin
 f - a +0 ring mail (worn)
Jewellery
 l - a ring of see invisible (left grasper)
 o - a ring of protection from cold (right grasper)
Talismans
 g - a maw talisman
Scrolls
 d - 4 scrolls of revelation {unknown}
 e - 2 scrolls of enchant armour {unknown}
 j - 2 scrolls of poison {unknown}
 k - 3 scrolls of identify {unknown}
 q - 2 scrolls of vulnerability {unknown}
 r - a scroll of teleportation {unknown}
 t - 2 scrolls of blinking {unknown}
Potions
 c - 3 potions of attraction {unknown}
 i - a potion of haste {unknown}
 m - 4 potions of curing {unknown}
 n - a potion of enlightenment {unknown}
 p - a potion of heal wounds {unknown}


   Skills:
 + Level 4.4 Fighting
 + Level 2.4 Short Blades
 + Level 4.5 Axes
 + Level 3.3 Armour
 - Level 2.1 Dodging


You had 5 spell levels left.
You didn't know any spells.
Your spell library was empty.

Dungeon Overview and Level Annotations

Branches:
Dungeon (3/15)

Altars:
Makhleb

Shops:
D:1 ?

Annotations:
D:3 1 runed translucent door, Jigsaw's ghost, amateur DEAE


Innate Abilities, Weirdness & Mutations

You can wield a second weapon in your off-hand.
It takes a long time for you to wield or remove held weapons.
Your first few attacks do less damage.
Attacking and casting redirects power from your legs.


Message History

The orc priest barely misses you.
You hit the orc priest with your +0 hand axe.
The orc priest is moderately wounded.
You hit the orc priest but do no damage.
The orc priest hits you with a +0 flail.
You hit the orc priest with your +0 vampiric rapier.
You feel better.
The orc priest is moderately wounded.
You hit the orc priest but do no damage.
The orc priest hits you with a +0 flail!
You hit the orc priest but do no damage.
The orc priest is moderately wounded.
You hit the orc priest with your +0 hand axe.
The orc priest barely misses you.
You hit the orc priest with your +0 vampiric rapier.
You feel better.
The orc priest is severely wounded.
You hit the orc priest but do no damage.
The orc priest barely misses you.
You closely miss the orc priest with your +0 hand axe.
The orc priest is severely wounded.
You barely miss the orc priest with your +0 vampiric rapier.
The orc priest hits you with a +0 flail.
You hit the orc priest but do no damage.
The orc priest is severely wounded.
You hit the orc priest with your +0 vampiric rapier.
The orc priest invokes the aid of Beogh against you.
Beogh smites you!
* * * LOW HITPOINT WARNING * * *
Unknown command.
You hit the orc priest but do no damage.
The orc priest is severely wounded.
You barely miss the orc priest with your +0 vampiric rapier.
The orc priest closely misses you.
You hit the orc priest but do no damage.
The orc priest is severely wounded.
You closely miss the orc priest with your +0 vampiric rapier.
The orc priest mumbles some strange prayers to Beogh against you.
Pain shoots through your body!
You die...

#.##>.........# #. .......
#.##.########.#######.###.....
####.##.# #..[..............###
.....##.#####.##........... #...
###...........#..#######..†###...
#...##..........# #..#...
#ß..ß##.#######..#######..#...###
⌠...._#...................#.....#
##..###.#######.@.....#....###...
)... #.# #..o####.....#...#..
##..# #.# #..... #..#.#...### ...
#.# #......# #..#.#...#.. ##
#......# #.....###... #.#..$##
#.....#..... #.##### #..###...###
. #.......#... #...)÷###...


You could see an orc priest.

Vanquished Creatures
  Grinder (D:3)
  A gnoll bouda (D:3)
  4 gnolls (D:3)
  4 adders
  3 ribbon worms
  2 dart slugs (D:3)
  An orc (D:3)
  7 bats
  4 endoplasms
  4 giant cockroaches
  5 goblins
  4 hobgoblins
  4 jackals (D:1)
  4 kobolds
  2 quokkas
  6 ball pythons
  3 frilled lizards
  4 rats
63 creatures vanquished.

Notes
Turn   | Place    | Note
-------+----------+-------------------------------------------
     0 | D:1      | dialectric the Coglin Berserker began the quest for the
                  | Orb.
     0 | D:1      | Reached XP level 1. HP: 18/18 MP: 1/1
   211 | D:1      | Reached XP level 2. HP: 21/24 MP: 2/2
   220 | D:1      | HP: 1/24 [jackal (2)]
   593 | D:1      | Reached XP level 3. HP: 29/29 MP: 3/3
   813 | D:1      | Found Heurar's Magic Scroll Boutique.
   831 | D:1      | Reached ** piety under Trog
  1408 | D:2      | Reached XP level 4. HP: 35/35 MP: 4/4
  1463 | D:2      | Reached skill level 1 in Short Blades
  1895 | D:3      | Noticed Grinder
  1904 | D:3      | Killed Grinder
  1905 | D:3      | Reached XP level 5. HP: 29/42 MP: 5/5
  1905 | D:3      | Reached XP level 6. HP: 33/48 MP: 6/6
  2024 | D:3      | Found a runed translucent door.
  2030 | D:3      | Noticed Jigsaw's ghost (amateur DEAE)
  2433 | D:3      | Found a burning altar of Makhleb.
  2484 | D:3      | Killed from afar by an orc priest

Illustrated notes

Levels and vault maps discovered:
D:1:      lightli_arrival_quake, layout_loops_ring, serial_shops,
          nicolae_square_shop
D:2:      layout_basic
D:3:      layout_loops_ring, minitemple, ebering_ghost_sewer_d, nicolae_titane,
          uniq_grinder

Skill      XL: |  1  2  3  4 |
---------------+-------------+-----
Armour         | 2 3 |  3.3
Dodging        | 2 |  2.1
Short Blades   | 2 |  2.4
Fighting       | 4 |  4.4
Axes           | 4 |  4.5

Action                     |  1- 3 |  4- 6 || total
---------------------------+-------+-------++-------
  Melee: Hand axe          |    91 |    75 ||   166
         Short sword       |    53 |    14 ||    67
         Rapier            |       |    62 ||    62
 Invoke: Berserk           |       |     3 ||     3
   Stab: Sleeping          |     1 |       ||     1
 Armour: Animal skin       |    39 |       ||    39
         Ring mail         |    20 |    47 ||    67
  Dodge: Dodged            |    61 |    43 ||   104

Table legend: (Time is in decaauts)
 A = Elapsed time spent in this place.
 B = Non-inter-level travel time spent in this place.
 C = Inter-level travel time spent in this place.
 D = Time resting spent in this place.
 E = Time spent auto-exploring this place.
 F = Levels seen in this place.
 G = Mean time per level.
                   A        B        C        D        E       F      G
               +--------+--------+--------+--------+--------+-----+--------+
         Total |   2521 |   2458 |     63 |     91 |   1897 |   3 |  840.3 |
       Dungeon |   2521 |   2458 |     63 |     91 |   1897 |   3 |  840.3 |
               +--------+--------+--------+--------+--------+-----+--------+

Top non-repeatable levels by time:
     D:1: 934 daAuts
     D:2: 833 daAuts
     D:3: 753 daAuts
